Unix NetHack Version 5.0.0-0 post-release - last build May 10 2026 23:12:36 (d1fa5d53e341ca933230fdaa984d921c805b60aa,branch:main).

Game began 2026-05-16 04:54:02, ended 2026-05-16 06:15:25.

ArrBianca, lawful female human Valkyrie

                    -------                           -----
    -----           ......|                           |..).##########       ^
    |%..|           |.....|       ------------     ###-.^.|         #   ----|-
    |....#          |.....|       |..........|    ##  |...|         0###-...`|
    |.<.|           |......####   |..........|    #   |...-#            |....|
    |...-           |.....|      #...........|    #   -----#            |....|
    |...|           -----|-    ###|..........|    #        #           #-....|
    -----                #     #  --|---------#####        #           #--.---
                        ##     #    #         #            #          ##
                         #### ##    #         #            #         ##
                         # ^###     #         #           ##         #
                       --.-|-##     ##        #           #--------  #
                       |...`|##      ###     ##           #|.......###
                       |....|######%##a@###  #            #|......|
                       |....|#       #..|----#            #-......|
                       |..^.-#        ......|#             --------
                       ------         |.....|#
                                      |......#
                                      -------

ArrBianca the Fighter       St:5 Dx:14 Co:18 In:10 Wi:9 Ch:9  Lawful
Dlvl:7  $:71 HP:0(56) Pw:14(14) AC:5  Xp:6 T:4077  Burdened

Latest messages:
 You don't have that object.
 What do you want to wear? [GSU or ?*] <space>
 Never mind.
 You miss the giant ant.
 The giant ant bites!
 You hit the giant ant.
 The giant ant bites!
 The giant ant misses!
 You miss the giant ant.
 The giant ant bites!
 The giant ant bites!
 The giant ant bites!
 You miss the giant ant.
 The giant ant bites!
 You hit the giant ant.
 The giant ant bites!
 You hit the giant ant!
 The giant ant bites!
 The giant ant bites!
 The giant ant bites!
 You miss the giant ant.
 The giant ant bites!
 You kill the giant ant!
 The giant ant bites!
 You miss the giant ant.
 The giant ant bites!
 You hit the giant ant!
 The giant ant bites!
 What do you want to drink? [ghjxA or ?*] g
 You feel better.
 The giant ant bites!
 The giant ant bites!
 The giant ant bites!
 The giant ant bites!
 You hit the giant ant.
 The giant ant just misses!
 The giant ant bites!
 The giant ant bites!
 You see here a water nymph corpse.
 The giant ant bites!
 The giant ant bites!
 The giant ant misses!
 The giant ant misses!
 You hit the giant ant!
 The giant ant bites!
 The giant ant bites!
 You miss the giant ant.
 The giant ant bites!
 You die...
 Do you want an account of creatures vanquished? [ynaq] (y) q

Inventory:
 Coins    ('$')
  $ - 71 gold pieces
 Weapons  (')')
  B - a +0 sling (alternate weapon; not wielded)
  T - 3 +0 darts (at the ready)
  b - a +0 dagger
  a - a +1 spear (weapon in right hand)
 Armor    ('[')
  S - a cursed -1 pair of gauntlets of fumbling
  c - an uncursed +4 small shield (being worn)
  G - a cursed -4 dwarvish cloak
  U - an uncursed +0 orcish cloak
 Comestibles  ('%')
  d - 4 uncursed food rations
  t - an uncursed tin of pureed jackal meat
  V - an uncursed lizard corpse
 Scrolls  ('?')
  e - a cursed scroll of amnesia
  w - a blessed scroll of confuse monster
  X - a blessed scroll of identify
  z - an uncursed scroll of identify
  J - an uncursed scroll of light
  E - an uncursed scroll of remove curse
  l - 2 uncursed scrolls of teleportation
 Spellbooks  ('+')
  I - an uncursed spellbook of cause fear
  K - an uncursed spellbook of create monster
  F - a cursed spellbook of remove curse
  O - an uncursed spellbook of slow monster
 Potions  ('!')
  A - 2 blessed potions of healing
  g - an uncursed potion of healing
  x - a cursed potion of healing
  j - an uncursed potion of object detection
  h - an uncursed potion of water
 Rings    ('=')
  D - a cursed ring of aggravate monster
 Tools    ('(')
  f - an uncursed leash
  Z - an uncursed lock pick
  k - an uncursed mirror
  H - a +0 pick-axe
 Gems/Stones  ('*')
  y - an uncursed agate stone
  u - an uncursed luckstone

ArrBianca the Valkyrie's attributes:

Background:
 You were a Fighter, a level 6 human Valkyrie.
 You were lawful, on a mission for Tyr
 who was opposed by Odin (neutral) and Loki (chaotic).
 You were right-handed.
 You were in the Dungeons of Doom, on level 7.
 You entered the dungeon 4077 turns ago.
 There was a new moon in effect when your adventure ended.
 You had 532 experience points, 108 more were needed to attain level 7.

Basics:
 You had 0 out of 56 hit points.
 You had all 14 energy points (spell power).
 Your armor class was 5.
 Your wallet contained 71 zorkmids.
 Autopickup was on for '$?!/="+%' plus thrown, with exceptions.

Final Characteristics:
 Your strength was 5 (peak:18, limit:18/100).
 Your dexterity was 14 (limit:18).
 Your constitution was 18 (limit:18).
 Your intelligence was 10 (limit:18).
 Your wisdom was 9 (limit:18).
 Your charisma was 9 (limit:18).

Final Status:
 You weren't hungry.
 You were burdened; movement was slightly slowed.
 You were wielding a spear.
 You were skilled in spear.

Final Attributes:
 You were piously aligned.
 You were cold resistant.
 You were telepathic.
 You were stealthy.
 You were lucky.
 You had extra luck.
 Bad luck did not time out for you.
 Good luck did not time out for you.
 You are dead.

Miscellaneous:
 You didn't encounter any bones levels.
 Total elapsed playing time was 38 minutes and 15 seconds.

Major events:
 Turn
    1: ArrBianca the lawful human Valkyrie entered the dungeon
  828: attained the rank of Skirmisher (level 3)
 3127: attained the rank of Fighter (level 6)
 4077: killed by a giant ant

Spells:
 Name                 Level Category     Fail Retention
 wizard lock            2   matter       100%  76%-100%
 create monster         2   clerical     100%  76%-100%
 cause fear             3   enchantment  100%  76%-100%
 slow monster           2   enchantment  100%  76%-100%

Skills:
 Fighting Skills
   bare handed combat [Unskilled]
   two weapon combat  [Unskilled]
   riding             [Unskilled]
 Weapon Skills
   dagger             [Basic]
   axe                [Unskilled]
   pick-axe           [Unskilled]
   short sword        [Unskilled]
   broadsword         [Unskilled]
   long sword         [Unskilled]
   two-handed sword   [Unskilled]
   saber              [Unskilled]
   hammer             [Unskilled]
   quarterstaff       [Unskilled]
   polearms           [Unskilled]
   spear              [Skilled]
   trident            [Unskilled]
   lance              [Unskilled]
   sling              [Unskilled]
 Spellcasting Skills
   attack spells      [Unskilled]
   escape spells      [Unskilled]

Voluntary challenges:
 Character rerolling was not enabled.
 You never had a pet.
 You never genocided any monsters.
 You never polymorphed an object.
 You never changed form.
 You used no wishes.
Achievements:
 You entered a shop.
 You attained the rank of Skirmisher.
 You attained the rank of Fighter.

 The Dungeons of Doom: levels 1 to 7
    Level 1:
       A fountain.
    Level 2:
       A general store, a sink.
    Level 3:
       A general store, a fountain.
    Level 4:
       An altar, a fountain, a grave.
    Level 5:
    Level 6:
    Level 7: <- You were here.
       Final resting place for
          you, killed by a giant ant.


Vanquished creatures:
  a leprechaun
  a lizard
  a rope golem
  a bugbear
 an imp
  a water nymph
  5 Uruk-hai
  a rock piercer
  2 yellow lights
  2 gnomish wizards
  4 giant ants
  a floating eye
  a dwarf
  9 rothes
  a rabid rat
  2 giant bats
 an orc zombie
  2 iguanas
  4 coyotes
  a hobbit
  2 hobgoblins
  2 cave spiders
  a yellow mold
  a red mold
  a gnome zombie
  a gecko
  4 jackals
  3 kobolds
  a goblin
  3 grid bugs
  3 lichens
  a kobold zombie
 13 newts
78 creatures vanquished.

No species were genocided or became extinct.

Game over:
                       ----------
                      /          \
                     /    REST    \
                    /      IN      \
                   /     PEACE      \
                  /                  \
                  |    ArrBianca     |
                  |      71 Au       |
                  |   killed by a    |
                  |    giant ant     |
                  |                  |
                  |                  |
                  |       2026       |
                 *|     *  *  *      | *
        _________)/\\_//(\/(/\)/\//\/|_)_______

Farvel ArrBianca the Valkyrie...

You died in The Dungeons of Doom on dungeon level 7 with 2522 points,
and 71 pieces of gold, after 4077 moves.
You were level 6 with a maximum of 56 hit points when you died.

